 Dungeon Crawl Stone Soup version 0.30-a0-591-g3c58d2bc28 (webtiles) character file.

Game seed: 11726143227248665070

9834 mandoloar the Blocker (level 11, -1/99 HPs)
             Began as a Minotaur Fighter on Jan 6, 2023.
             Was a High Priest of Okawaru.
             Succumbed to Sonja's curare-tipped dart
             ... on level 9 of the Dungeon.
             The game lasted 00:32:19 (11136 turns).

mandoloar the Blocker (Minotaur Fighter)           Turns: 11136, Time: 00:32:19

Health: -1/99      AC: 21    Str: 25    XL:     11   Next: 28%
Magic:  10/10      EV:  9    Int:  5    God:    Okawaru [*****.]
Gold:   447        SH:  6    Dex: 10    Spells: 10/10 levels left

rFire   . . .      SeeInvis +    a - +1 war axe (drain)
rCold   . . .      Faith    .    c - +0 buckler
rNeg    . . .      Spirit   .    i - +0 plate armour
rPois   .          Reflect  .    (helmet restricted)
rElec   .          Harm     .    t - +1 cloak
rCorr   .          Rampage  .    k - +0 pair of gloves
Will    .....                    w - +2 pair of boots Stlth
                                 (no amulet)
HPRegen 0.36/turn                v - ring of see invisible
MPRegen 0.12/turn                H - ring of flight

@: lethally poisoned (-1 -> -24), flying, slowed, very slow
A: horns 2, retaliatory headbutt
a: Renounce Religion, Heroism, Finesse, Duel


You were on level 9 of the Dungeon.
You worshipped Okawaru.
Okawaru was extremely pleased with you.
You visited 2 branches of the dungeon, and saw 11 of its levels.

You collected 447 gold pieces.

Inventory:

Hand Weapons
 a - a +1 war axe of draining (weapon)
 G - a +0 club
Missiles
 b - 91 stones (quivered)
 e - 20 poisoned darts
 A - 6 atropa-tipped darts
 F - 2 curare-tipped darts
 K - a throwing net
Armour
 c - a +0 buckler (worn)
 i - a +0 plate armour (worn)
 k - a +0 pair of gloves (worn)
 t - a +1 cloak (worn)
 w - a +2 pair of boots (worn)
 y - an orb of light
Jewellery
 n - a ring of wizardry
 v - a ring of see invisible (left hand)
 H - a ring of flight (right hand)
Wands
 r - a wand of paralysis (14)
 s - a wand of roots (4)
 C - a wand of flame (24)
 D - a wand of polymorph (10)
 E - a wand of mindburst (7)
 I - a wand of quicksilver (3)
Scrolls
 g - 2 scrolls of identify
 h - a scroll of amnesia
 j - a scroll of teleportation
 l - a scroll of fear
 p - a scroll of enchant armour
 q - 2 scrolls of vulnerability
Potions
 d - a potion of might
 f - 2 potions of lignification
 m - 3 potions of flight
 o - a potion of resistance
 u - 3 potions of haste
 x - a potion of brilliance
 z - a potion of mutation
 B - a potion of magic
 J - a potion of heal wounds


   Skills:
 + Level 9.9 Fighting
 + Level 9.5 Axes
 + Level 9.9 Armour
 + Level 8.4 Dodging
 - Level 4.0 Stealth
 + Level 10.0 Shields


You had 10 spell levels left.
You didn't know any spells.
Your spell library contained the following spells:

 Spells                   Type           Power      Damage    Failure   Level
 Borgnjor's Revivificati  Necr           0%         N/A       100%        8
 Necromutation            Tmut/Necr      0%         N/A       100%        8
 Death's Door             Necr           0%         N/A       100%        9


Dungeon Overview and Level Annotations

Branches:
Dungeon (10/15)            Temple (1/1) D:4
   Lair: D:8-11         Orc: D:9-12

Altars:
Ashenzari
Cheibriados
Dithmenos
Elyvilon
Fedhas
Gozag
Hepliaklqana
Kikubaaqudgha
Makhleb
Nemelex Xobeh
Okawaru
Qazlal
Ru
Sif Muna
Trog
Uskayaw
Vehumet
Wu Jian
Xom
Zin
The Shining One

Shops:
D:5 !

Annotations:
D:10 Sonja


Innate Abilities, Weirdness & Mutations

You have a pair of horns on your head.
You reflexively headbutt those who attack you in melee.


Message History

You completely miss the kobold.
You feel extremely sick. The kobold hits you but does no damage.
The kobold brigand hits you but does no damage.
You hit the kobold brigand. You headbutt the kobold brigand!
The kobold brigand is heavily wounded.
You closely miss the kobold.
You feel very sick.
The kobold brigand hits you but does no damage. x2
Sonja attacks as you move away! Sonja hits you but does no damage. x2
You are more poisoned.
Sonja closely misses you.
You feel very sick.
Sonja casts a spell.
Sonja blinks!
Things that are here:
2 stones; a +0 club; a kobold corpse You feel very sick.
Sonja bows elegantly.
The kobold throws a stone.
The stone closely misses you.
The kobold brigand throws a curare-tipped dart.
The curare-tipped dart hits you.
You are more poisoned.
You have difficulty breathing.
* * * LOW HITPOINT WARNING * * *
You feel as though you will be slow longer.
There is a stone staircase leading up here.
You see here a +0 dagger.
* * * LOW HITPOINT WARNING * * *
You feel extremely sick.
Sonja throws a curare-tipped dart.
You block the curare-tipped dart. The kobold hits you but does no damage.
The kobold brigand closely misses you. You furiously retaliate!
You headbutt the kobold brigand!
Sonja throws a curare-tipped dart.
The curare-tipped dart hits you.
You are lethally poisoned!
You have difficulty breathing.
* * * LOW HITPOINT WARNING * * *
You feel as though you will be slow longer.
You fly upwards.
You die...

########.###.# .# #.# #.#
.#######)###.#
........[.[#.# #####
......>..#.#.###########...#
.######..#.#.............#.#
.# ####.....############...#
.###......#....K)# ##.##
.....#.#....####@# #.#
.#####...#.## #K# #.#
.#####.#.#.# #.# #.#
.........#.# #.# #.#
...........# #.########.#
.#####.##### #.##.......# .#
#.# #.##.#####.# .# #.##
#.##.# #.## .# #..#
##..#.#####..#


You could see a kobold brigand and a kobold.

Vanquished Creatures
  Gastronok (D:8)
  Erolcha (D:9)
  Erica (D:8)
  Amaemon (D:7)
  Joseph (D:9)
  Maggie (D:8)
  An orange demon (D:7)
  Prince Ribbit (D:5)
  Grinder (D:5)
  3 hornets
  10 yaks (D:9)
  A steam dragon (D:7)
  Grum (D:8)
  2 black bears
  An orc warrior (D:8)
  An ice beast (D:7)
  An ogre (D:5)
  2 wolves (D:8)
  2 centaurs (D:9)
  2 phantoms (D:6)
  2 kobold brigands (D:9)
  2 bullfrogs
  4 scorpions
  17 wights
  11 killer bees
  A howler monkey (D:10)
  2 hounds
  A jelly (D:5)
  Crazy Yiuf (D:3)
  5 orc priests
  Jessica (D:3)
  2 iguanas
  6 orc wizards
  10 adders
  A shadow imp (D:7)
  2 white imps
  21 orcs
  8 ball pythons
  4 bats
  4 endoplasms
  4 giant cockroaches
  7 goblins
  4 hobgoblins
  7 jackals
  5 quokkas
  5 frilled lizards
  15 kobolds
  4 rats
191 creatures vanquished.

Vanquished Creatures (others)
  10 fungi
  8 plants (D:5)
18 creatures vanquished.

Grand Total: 209 creatures vanquished

Notes
Turn   | Place    | Note
-------+----------+-------------------------------------------
     0 | D:1      | mandoloar the Minotaur Fighter began the quest for the Orb.
     0 | D:1      | Reached XP level 1. HP: 19/19 MP: 0/0
   186 | D:1      | Reached XP level 2. HP: 27/27 MP: 1/1
   529 | D:1      | Reached skill level 1 in Dodging
  1117 | D:2      | Reached skill level 4 in Shields
  1182 | D:2      | Reached XP level 3. HP: 29/33 MP: 2/2
  1215 | D:2      | Reached skill level 1 in Stealth
  1324 | D:2      | Reached XP level 4. HP: 40/40 MP: 3/3
  2126 | D:3      | Found a faded altar of an unknown god.
  2534 | D:3      | Found a shimmering altar of Xom.
  2667 | D:3      | Noticed Jessica
  2679 | D:3      | Killed Jessica
  2899 | D:3      | Reached XP level 5. HP: 46/46 MP: 4/4
  3108 | D:3      | Found a runed translucent door.
  3109 | D:3      | Noticed Crazy Yiuf
  3116 | D:3      | Killed Crazy Yiuf
  3559 | D:4      | Noticed a black bear
  3568 | D:4      | Killed a black bear
  3569 | D:4      | Reached XP level 6. HP: 51/55 MP: 5/5
  3786 | D:4      | Found a staircase to the Ecumenical Temple.
  3799 | Temple   | Entered the Ecumenical Temple
  4086 | Temple   | Became a worshipper of Warmaster Okawaru
  4639 | D:5      | Entered Level 5 of the Dungeon
  4645 | D:5      | Found Juodgh's Distillery.
  4781 | D:5      | Noticed Grinder
  4816 | D:5      | Killed Grinder
  4817 | D:5      | Reached skill level 5 in Fighting
  4817 | D:5      | Reached skill level 5 in Armour
  4817 | D:5      | Reached skill level 5 in Shields
  4817 | D:5      | Reached XP level 7. HP: 40/61 MP: 6/6
  5097 | D:5      | Noticed Prince Ribbit
  5244 | D:5      | Killed Prince Ribbit
  5365 | D:5      | Reached * piety under Okawaru
  5979 | D:5      | Reached skill level 5 in Axes
  5979 | D:5      | Reached XP level 8. HP: 70/70 MP: 7/7
  5981 | D:5      | Found a blossoming altar of Fedhas.
  6137 | D:6      | Reached skill level 6 in Shields
  7071 | D:7      | Reached ** piety under Okawaru
  7075 | D:7      | Noticed a hornet
  7087 | D:7      | Killed a hornet
  7088 | D:7      | Reached skill level 5 in Dodging
  7483 | D:7      | Found a burning altar of Makhleb.
  7483 | D:7      | Noticed a balrug
  7486 | D:7      | Noticed a hellwing
  7536 | D:8      | Noticed Erica
  7619 | D:8      | Noticed a hornet
  7623 | D:8      | Paralysed by a hornet for 3 turns
  7630 | D:8      | Reached XP level 9. HP: 53/78 MP: 8/8
  7635 | D:8      | Reached skill level 7 in Shields
  7835 | D:8      | Noticed Maggie
  7845 | D:8      | Noticed an orange demon
  7846 | D:8      | Noticed Amaemon
  7847 | D:8      | Noticed Gastronok
  7883 | D:8      | Reached *** piety under Okawaru
  7887 | D:8      | Killed Maggie
  8424 | D:7      | Killed Amaemon
  8424 | D:7      | Reached **** piety under Okawaru
  8425 | D:7      | Reached skill level 8 in Shields
  8430 | D:7      | Killed an orange demon
  8431 | D:7      | Reached XP level 10. HP: 28/88 MP: 9/9
  8693 | D:8      | Killed Gastronok
  8746 | D:8      | Killed Erica
  8747 | D:8      | Reached skill level 9 in Shields
  9025 | D:8      | Reached ***** piety under Okawaru
  9069 | D:8      | Noticed Grum
  9074 | D:8      | Killed Grum
  9418 | D:9      | Paralysed by a hornet for 1 turns
  9468 | D:9      | Reached XP level 11. HP: 33/97 MP: 10/10
  9966 | D:9      | Identified the +0 leather armour of Isystaes {-Cast Slay+3
                  | SInv}
  9968 | D:9      | Identified the +4 ring mail of Fauwut {rCorr}
 10008 | D:10     | Entered Level 10 of the Dungeon
 10064 | D:9      | Noticed Erolcha
 10354 | D:9      | Killed Erolcha
 10354 | D:9      | Identified the +3 scale mail "Perhew" {Str+5 Stlth+}
                  | (Okawaru gifted it to you on level 9 of the Dungeon)
 10354 | D:9      | Received a gift from Okawaru
 10515 | D:9      | Noticed Joseph
 10616 | D:9      | Reached skill level 10 in Shields
 10689 | D:9      | Killed Joseph
 10994 | D:10     | Noticed Sonja
 11136 | D:9      | Succumbed to Sonja's curare-tipped dart

Illustrated notes

Levels and vault maps discovered:
D:1:      lemuel_arrival_broad_hall, layout_basic, minmay_pentomino_t2
D:2:      layout_basic, minmay_surrounded
D:3:      layout_loops_corners, xom_teletrap_fun,
          shapermc_ecumenical_altar_pompeii, uniq_jessica,
          uniq_crazy_yiuf_cottage
D:4:      layout_basic, minmay_temple_entry_ruins,
          nicolae_ossuary_entry_false_entrances
D:5:      layout_loops_corners, fedhas_altar_3, serial_shops, shop,
          serial_bayou_pond_c, reono_crystal_passage, uniq_prince_ribbit1,
          uniq_grinder
D:6:      layout_gridville, lemuel_zombie_altar_yredelemnul,
          chequers_serial_rivers_large_a, kb_lookout_dungeons_type
D:7:      layout_rooms, makhleb_altar_promises_db
D:8:      layout_loops_ring, minmay_holes, uniq_erica, uniq_amaemon,
          uniq_maggie, uniq_grum, uniq_gastronok
D:9:      layout_loops_ring, minivault_16, grunt_ministairs_10, hex_large,
          uniq_erolcha, uniq_joseph
D:10:     layout_rooms, bh_walls_and_bars, uniq_harold, uniq_sonja
Temple:   dpeg_five_rooms_temple

Skill      XL: |  1  2  3  4  5  6  7  8  9 10 11 |
---------------+----------------------------------+-----
Dodging        | 1 2 3 5 6 8 |  8.4
Shields        | 4 5 6 8 9 10 | 10.0
Stealth        | 1 2 3 4 |  4.0
Fighting       | 4 5 6 8 9 |  9.9
Axes           | 3 4 5 6 7 9 |  9.5
Armour         | 4 5 6 8 9 |  9.9

Action                   |  1- 3 |  4- 6 |  7- 9 | 10-12 || total
-------------------------+-------+-------+-------+-------++-------
Melee: War axe           |    63 |    96 |   226 |   183 ||   568
       Headbutt          |     9 |    20 |    38 |    34 ||   101
Throw: Stone             |       |     8 |     7 |     2 ||    17
  Use: Scroll            |       |       |    17 |     3 ||    20
       Potion            |       |       |     7 |       ||     7
Armor: Scale mail        |    21 |       |       |       ||    21
       Plate armour      |     9 |    43 |   182 |   132 ||   366
Dodge: Dodged            |    27 |    31 |   114 |    97 ||   269
Block: Buckler           |    19 |    10 |    74 |    65 ||   168

Table legend: (Time is in decaauts)
 A = Elapsed time spent in this place.
 B = Non-inter-level travel time spent in this place.
 C = Inter-level travel time spent in this place.
 D = Time resting spent in this place.
 E = Time spent auto-exploring this place.
 F = Levels seen in this place.
 G = Mean time per level.
                   A        B        C        D        E       F      G
               +--------+--------+--------+--------+--------+-----+--------+
         Total |  11330 |  10825 |    505 |   3161 |   5434 |  11 | 1030.0 |
       Dungeon |  10993 |  10565 |    428 |   3161 |   5186 |  10 | 1099.3 |
        Temple |    336 |    259 |     77 |      0 |    248 |   1 |  336.0 |
               +--------+--------+--------+--------+--------+-----+--------+

Top non-repeatable levels by time:
     D:9: 1704 daAuts
     D:5: 1326 daAuts
     D:8: 1296 daAuts
     D:3: 1240 daAuts
     D:7: 1240 daAuts
     D:2: 1214 daAuts
     D:4: 1159 daAuts
     D:6: 886 daAuts
     D:1: 864 daAuts
  Temple: 336 daAuts
    D:10: 60 daAuts
